 Dungeon Crawl Stone Soup version 0.23-a0-488-g5fd82c5 (webtiles) character file.

25 theanonym the Cudgeler (level 2, 0/22 HPs)
             Began as a Mummy Warper on Dec 1, 2018.
             Slain by a bat (1 damage)
             ... on level 1 of the Dungeon.
             The game lasted 00:00:54 (1141 turns).

theanonym the Cudgeler (Mummy Warper)               Turns: 1141, Time: 00:00:55

Health: 0/22       AC:  3    Str: 14    XL:     2   Next: 82%
Magic:  5/5        EV: 11    Int: 12    God:
Gold:   0          SH:  0    Dex: 11    Spells: 6/6 levels left

rFire    x . .     SeeInvis .   a - +0 mace
rCold    + . .     Gourm    .   (no shield)
rNeg     + + +     Faith    .   b - +0 leather armour
rPois    ∞         Spirit   .   (no helmet)
rElec    .         Reflect  .   (no cloak)
rCorr    .         Harm     .   (no gloves)
MR       .....                  (no boots)
Stlth    +.........             (no amulet)
HPRegen  0.07/turn              f - ring of wizardry
MPRegen  0.09/turn              g - ring of flight

@: no status effects
A: no food or potions, fire vulnerability, cold resistance 1, negative energy
resistance 3, torment resistance, unbreathing
a: Evoke Flight


Innate Abilities, Weirdness & Mutations

You do not eat or drink.
Your flesh is vulnerable to fire.
You are immune to poison.
Your flesh is cold resistant. (rC+)
You are immune to negative energy. (rN+++)
You are immune to unholy pain and torment.
You can survive without breathing.


   Skills:
 - Level 2.0 Fighting
 + Level 2.8 Maces & Flails
 - Level 0.7 Throwing
 - Level 0.7 Armour
 - Level 1.5 Dodging
 - Level 2.6 Spellcasting
   Level 2.4 Translocations


You had 6 spell levels left.
You didn't know any spells.
Your spell library contained the following spells:

 Spells                   Type           Power        Failure   Level  Hunger
 Blink                    Tloc           N/A          8%          2    N/A
 Shroud of Golubria       Chrm/Tloc      #.........   12%         2    N/A
 Gell's Gravitas          Tloc           #.........   14%         3    N/A
 Lesser Beckoning         Tloc           #.........   14%         3    N/A
 Teleport Other           Tloc           #.......     14%         3    N/A
 Passage of Golubria      Tloc           N/A          41%         4    N/A

Skill      XL: |  1 |
---------------+----+-----
Maces & Flails | 2 |  2.8
Fighting       | |  2.0
Throwing       | |  0.7
Armour         | |  0.7
Dodging        | |  1.5
Spellcasting   | |  2.6
Translocations | |  2.4

Action                   || total
-------------------------++-------
Melee: Mace              ||   114
Armor: Leather armour    ||    69
Dodge: Dodged            ||   117

Inventory:

Hand Weapons
 a - a +0 mace (weapon)
Missiles
 e - 5 tomahawks of dispersal (quivered)
Armour
 b - a +0 leather armour (worn)
Jewellery
 f - a ring of wizardry (left hand)
   (You found it on level 1 of the Dungeon)
 g - a ring of flight (right hand)
   (You found it on level 1 of the Dungeon)
Scrolls
 c - a scroll of enchant weapon {unknown}
 d - a scroll of fear {unknown}
 B - a scroll of blinking


You were on level 1 of the Dungeon.
You were not hungry.

You visited 1 branch of the dungeon, and saw 1 of its levels.

Dungeon Overview and Level Annotations

Branches:
Dungeon (1/15)

Altars:

....##...... #.# ###
#......### .# #.## .$.#
#...##.# . #..# #...#
...###.# #.##.##....#
#####..# #.##(#...#
.###..# ##...)...)###
..#..# ### #....K#......
.....#........#.(b......
...#.........###@b....?.
....#........ #........
..#.#....... ##.......
.......>... ..g....
..÷....... .......
..##.#.... #...... ..#
...... ...... .........
...... ###.....## ......


You could see a goblin, 2 bats and a kobold.

Notes
Turn   | Place    | Note
-------+----------+-------------------------------------------
     0 | D:1      | theanonym the Mummy Warper began the quest for the Orb.
     0 | D:1      | Reached XP level 1. HP: 16/16 MP: 4/4
    26 | D:1      | HP: 8/16 [rat (3)]
    32 | D:1      | HP: 6/16 [goblin (2)]
    35 | D:1      | HP: 2/16 [goblin (3)]
    44 | D:1      | Reached skill level 2 in Maces & Flails
    46 | D:1      | HP: 1/16 [bat (1)]
   367 | D:1      | HP: 6/16 [kobold/+0 short sword (3)]
   369 | D:1      | HP: 1/16 [kobold/+0 short sword (4)]
   686 | D:1      | Reached XP level 2. HP: 19/22 MP: 5/5
   705 | D:1      | HP: 11/22 [jackal (2)]
   722 | D:1      | HP: 10/22 [jackal (1)]
   725 | D:1      | HP: 4/22 [jackal (3)]
  1118 | D:1      | HP: 11/22 [jackal (2)]
  1130 | D:1      | HP: 8/22 [rat (1)]
  1133 | D:1      | HP: 3/22 [kobold/+0 dagger (2)]
  1134 | D:1      | HP: 1/22 [kobold/+0 dagger (2)]
  1141 | D:1      | Slain by a bat

Vanquished Creatures
  2 giant cockroaches (D:1)
  3 goblins (D:1)
  5 jackals (D:1)
  3 bats (D:1)
  4 kobolds (D:1)
  7 rats (D:1)
24 creatures vanquished.

Table legend:
 A = Turns spent in this place as a percentage of turns spent in the entire game.
 B = Non-inter-level travel turns spent in this place as a percentage of non-inter-level travel turns spent in the entire game.
 C = Inter-level travel turns spent in this place as a percentage of turns spent in this place.
 D = Turns resting spent in this place as a percentage of non-inter-level travel turns spent in this place.
 E = Turns spent auto-exploring this place as a percentage of non-inter-level travel turns spent in this place.
 F = Non-inter-level travel turns spent in this place divided by the number of levels of this place that you've seen.
                   A       B       C       D       E      F
               +-------+-------+-------+-------+-------+----------------------
         Total | 100.0 | 100.0 |   0.0 |  78.5 |   4.3 | 1141.0
       Dungeon | 100.0 | 100.0 |   0.0 |  78.5 |   4.3 | 1141.0
               +-------+-------+-------+-------+-------+----------------------
